 Dungeon Crawl Stone Soup version 0.28.0 (webtiles) character file.

Game seed: 2940351334924600463

820 HallandMoats the Ruffian (level 7, -6/55 HPs)
             Began as a Ghoul Monk on Feb 12, 2022.
             Was a Priest of Hepliaklqana.
             Killed by divine providence
             ... invoked by an orc priest
              (8 damage)
             ... on level 5 of the Dungeon.
             The game lasted 00:04:23 (3756 turns).

HallandMoats the Ruffian (Ghoul Monk)               Turns: 3756, Time: 00:04:24

Health: -6/55      AC:  4    Str: 17    XL:     7   Next: 95%
Magic:  8/8        EV: 12    Int:  5    God:    Hepliaklqana [***...]
Gold:   131        SH:  0    Dex: 11    Spells: 6/6 levels left

rFire   . . .      SeeInvis .     - Unarmed
rCold   + . .      Faith    .   (no shield)
rNeg    + + +      Spirit   .   n - +0 troll leather armour {Pargi}
rPois   ∞          Reflect  .   (no helmet)
rElec   .          Harm     .   (no cloak)
rCorr   .          Rampage  .   (no gloves)
Will    .....                   (no boots)
Stlth   ++........              (no amulet)
HPRegen 0.00/turn               g - ring of flight
MPRegen 0.11/turn               (no ring)

@: marked, flying, inhibited regen
A: reduced essence, claws 1, cold resistance 1, negative energy resistance 3,
inhibited regeneration, torment resistance 2
a: Renounce Religion, Recall Ancestor, Ancestor Identity, Transference


You were on level 5 of the Dungeon.
You worshipped Hepliaklqana.
Hepliaklqana was most pleased with you.
You visited 1 branch of the dungeon, and saw 5 of its levels.

You collected 131 gold pieces.

Inventory:

Armour
 n - a +0 troll leather armour (worn) {Pargi}
Jewellery
 g - a ring of flight (left claw)
Wands
 d - a wand of paralysis (9)
 i - a wand of acid (12)
Scrolls
 b - a scroll of teleportation {unknown}
 c - 2 scrolls of identify {unknown}
 f - a scroll of vulnerability {unknown}
 h - 2 scrolls of immolation {unknown}
 j - a scroll of fear {unknown}
 k - a scroll of silence {unknown}
 p - 2 scrolls of fog {unknown}
 s - a scroll of noise {unknown}
Potions
 a - a potion of attraction {unknown}
 e - 2 potions of might {unknown}
 l - a potion of degeneration {unknown}
 m - 3 potions of curing {unknown}
 o - a potion of heal wounds {unknown}
 q - a potion of haste {unknown}
 r - a potion of brilliance {unknown}
 t - a potion of cancellation {unknown}


   Skills:
 * Level 5.9 Fighting
 + Level 2.7 Armour
 + Level 4.0 Dodging
 - Level 2.1 Stealth
 * Level 6.0 Unarmed Combat
 + Level 3.2 Invocations


You had 6 spell levels left.
You didn't know any spells.
Your spell library contained the following spells:

 Spells                   Type           Power      Damage    Failure   Level
 Freeze                   Ice            0%         1d3       54%         1
 Frozen Ramparts          Ice            0%         1d2       88%         3
 Hailstorm                Conj/Ice       0%         3d3       99%         4


Dungeon Overview and Level Annotations

Branches:
Dungeon (5/15)
 Temple: D:4-7

Altars:
Hepliaklqana


Innate Abilities, Weirdness & Mutations

Your life essence is reduced to manifest your ancestor. (-10% HP)
You thrive by killing the living.
You are immune to poison.
You have sharp fingernails.
Your flesh is cold resistant. (rC+)
You are immune to negative energy. (rN+++)
You do not regenerate when monsters are visible.
You are immune to unholy pain and torment.


Message History

You claw the orc!
You kill the orc!
Ghost hits the orc warrior with a +0 dagger of draining.
Ghost drains the orc warrior.
The orc warrior misses you.
Ghost hits the orc warrior with a +0 dagger of draining.
Ghost drains the orc warrior.
The orc warrior hits you but does no damage.
Things that are here:
a +0 dagger; a +0 scale mail You scratch the orc warrior but do no damage.
The orc warrior is moderately wounded.
The orc misses you.
Ghost hits the orc warrior with a +0 dagger of draining.
The orc warrior hits you with a +0 trident!
* * * LOW HITPOINT WARNING * * *
A quokka comes into view.
Ghost hits the orc warrior but does no damage.
Ghost drains the orc warrior.
The orc warrior hits you from afar with a +0 trident.
* * * LOW HITPOINT WARNING * * *
Ghost casts a spell at the orc warrior.
The orc warrior resists with significant effort.
The orc warrior closely misses Ghost.
Found a book of Displacement.
Ghost points at the orc warrior and mumbles some strange words.
The orc warrior seems to slow down.
An orc priest comes into view.
It is wielding a +0 flail of protection.
The orc warrior hits Ghost but does no damage.
Ghost casts a spell at the orc warrior.
The orc warrior resists with significant effort.
Ghost barely misses the orc warrior.
The orc warrior hits Ghost with a +0 trident.
Ghost hits the orc warrior but does no damage.
Ghost drains the orc warrior.
The orc warrior hits Ghost with a +0 trident!
The orc hits you with a +0 mace.
* * * LOW HITPOINT WARNING * * *
The orc priest mumbles some strange prayers to Beogh against you.
Beogh smites you!
You die...

###################
....................
.....................
......................
.......................
........................
..........:.............
..........o....o@.......
............r...........
.......?................
........................
<.......................
...........R............
........................
...........o............
...................


You could see the friendly Ghost the hexer, an orc warrior (slow, drained, ally
target), an orc priest, an orc and a quokka.

Vanquished Creatures
  Pargi (D:4)
  2 ogres (D:5)
  A howler monkey (D:4)
  A hound (D:5)
  An orc wizard (D:5)
  An iguana (D:5)
  A hound zombie (D:4)
  3 gnolls
  An adder (D:2)
  A shadow imp (D:5)
  2 worms
  3 dart slugs
  10 orcs
  17 endoplasms
  4 giant cockroaches
  4 goblins
  10 hobgoblins
  3 jackals (D:1)
  9 kobolds
  3 quokkas (D:1)
  5 ball pythons
  A bat (D:1)
  4 frilled lizards
  3 rats
91 creatures vanquished.

Vanquished Creatures (collateral kills)
  2 scorpions (D:5)
  A hound (D:5)
  A bullfrog skeleton (D:5)
  An iguana (D:4)
  An orc wizard (D:4)
  A gnoll (D:4)
  An adder (D:3)
  A white imp (D:5)
  A worm (D:3)
  2 orcs
  A giant cockroach (D:4)
  2 goblins
  A hobgoblin (D:4)
  A kobold (D:3)
  A quokka (D:4)
  A bat (D:3)
19 creatures vanquished.

Grand Total: 110 creatures vanquished

Notes
Turn   | Place    | Note
-------+----------+-------------------------------------------
     0 | D:1      | HallandMoats the Ghoul Monk began the quest for the Orb.
     0 | D:1      | Reached XP level 1. HP: 19/19 MP: 0/0
   243 | D:1      | Reached XP level 2. HP: 24/26 MP: 1/1
   689 | D:1      | Reached XP level 3. HP: 12/33 MP: 2/2
  1481 | D:1      | Reached skill level 1 in Invocations
  1501 | D:1      | Reached skill level 4 in Unarmed Combat
  1501 | D:1      | Reached XP level 4. HP: 40/40 MP: 3/3
  1789 | D:2      | Found a faded altar of an unknown god.
  1796 | D:2      | Prayed at the altar of an unknown god.
  1796 | D:2      | Became a worshipper of Hepliaklqana the Forgotten
  1796 | D:2      | Reached * piety under Hepliaklqana
  1796 | D:2      | Reached ** piety under Hepliaklqana
  1797 | D:2      | Remembered your ancestor Ghost as a hexer
  2173 | D:2      | Reached skill level 1 in Armour
  2202 | D:3      | Reached *** piety under Hepliaklqana
  2532 | D:3      | Reached XP level 5. HP: 41/41 MP: 5/5
  2920 | D:4      | Noticed Pargi
  2930 | D:4      | Killed Pargi
  2931 | D:4      | Reached XP level 6. HP: 35/47 MP: 6/6
  3228 | D:4      | Reached skill level 5 in Unarmed Combat
  3250 | D:4      | Reached skill level 5 in Fighting
  3511 | D:5      | Entered Level 5 of the Dungeon
  3533 | D:5      | Reached XP level 7. HP: 43/54 MP: 7/7
  3739 | D:5      | Reached skill level 6 in Unarmed Combat
  3755 | D:5      | HP: 2/55 [orc (4)]
  3756 | D:5      | Killed from afar by an orc priest

Illustrated notes

Levels and vault maps discovered:
D:1:      lightli_arrival_farm, layout_loops_corners, hangedman_decor_slide_cut,
          minmay_vboxes
D:2:      layout_loops_ring, hellmonk_ecumenical_altar_lost_god
D:3:      layout_rooms
D:4:      layout_basic, serial_rivers, chequers_serial_rivers_micro_b,
          chequers_serial_rivers_small_a, chequers_serial_rivers_micro_c,
          chequers_serial_rivers_room_a, chequers_serial_rivers_micro_c,
          minmay_goblin_outpost, uniq_pargi
D:5:      layout_basic

Skill      XL: |  1  2  3  4  5  6  7 |
---------------+----------------------+-----
Dodging        | 3 4 |  4.0
Invocations    | 1 2 3 |  3.2
Unarmed Combat | 4 5 6 |  6.0
Fighting       | 4 5 |  5.9
Armour         | 1 2 |  2.7
Stealth        | |  2.1

Action                   |  1- 3 |  4- 6 |  7- 9 || total
-------------------------+-------+-------+-------++-------
Melee: Unarmed           |   102 |   133 |    62 ||   297
       Punch             |       |     6 |     3 ||     9
Invok: Ancestor Life: He |       |     1 |       ||     1
       Ancestor Identity |       |     1 |       ||     1
 Stab: Sleeping          |     2 |     5 |       ||     7
       Confused          |       |     1 |     3 ||     4
       Distracted        |       |       |     2 ||     2
Armor: Robe              |     3 |       |       ||     3
       Ring mail         |    16 |    27 |       ||    43
       Troll leather arm |       |     6 |     7 ||    13
Dodge: Dodged            |    48 |    74 |    32 ||   154
